Description

Stukov Infestation Focus

Replay - Oblivion Express (4)

Build Order

Get SALT Encoding   

  15  0:32  Overlord  
  15  0:40  Infested Refinery  
  19  1:47  Infested Command Center  
  21  2:06  Infested Refinery  
  21  2:13  Anaerobic Enhancement  
  22  2:34  Infested Engineering Bay  
  22  2:41  Overlord  
  24  3:16  Broodling Gestation  
  25  3:33  Infested Barracks  
  29  4:20  Infestation Level 1  
Spawning Tool Build Advisor. Get it on Overwolf

Go to:

Details

  • Created by: Galactimus
  • Published on: Dec 18, 2018
  • Modified on: Dec 18, 2018
  • Patch: 4.7.1
Show
View Real Time Build Order
Export as new Build Order

Comments (1)

On Dec. 18, 2018, 2:52 p.m., Galactimus  said:

Still refining this test build. Mainly posted this so I could export it for detailed tweaks.

Create an account to comment!